 Dungeon Crawl Stone Soup version 0.20-a0-1086-g4bd2f5b (webtiles) character file.

72 qqqbard the Skirmisher (level 4, -4/61 HPs)
             Began as a Minotaur Berserker on May 1, 2017.
             Was a Believer of Trog.
             Slain by qqqbard's ghost (13 damage)
             ... on level 3 of the Dungeon.
             The game lasted 00:01:54 (937 turns).

qqqbard the Skirmisher (Minotaur Berserker)          Turns: 937, Time: 00:01:55

Health: -4/61      AC:  6    Str: 26    XL:     4   Next: 7%
Magic:  3/3        EV: 11    Int:  4    God:    Trog [**....]
Gold:   64         SH:  0    Dex: 11    Spells: 3/3 levels left

rFire    . . .     SeeInvis .   a - +0 mace
rCold    . . .     Gourm    .   (no shield)
rNeg     . . .     Faith    .   e - +0 scale mail
rPois    .         Spirit   .   (helmet restricted)
rElec    .         Reflect  .   (no cloak)
rCorr    .         Harm     .   (no gloves)
MR       ++...                  (no boots)
Stlth    ..........             (no amulet)
Regen    1.2/turn               (no ring)
MPRegen  0.1/turn               (no ring)

@: berserking, regenerating, very quick
A: retaliatory headbutt, horns 2
a: Berserk, Trog's Hand, Burn Spellbooks, Renounce Religion


You were on level 3 of the Dungeon.
You worshipped Trog.
Trog was pleased with you.
You were very hungry.

You visited 1 branch of the dungeon, and saw 3 of its levels.

You collected 64 gold pieces.

Inventory:

Hand Weapons
 a - a +0 mace (weapon)
Armour
 e - a +0 scale mail (worn)
Jewellery
 m - an uncursed ring of poison resistance {unknown}
 r - a +3 amulet of reflection {unknown}
 u - an uncursed ring of flight {unknown}
 v - an uncursed amulet of faith {unknown}
Scrolls
 b - 5 scrolls of remove curse
 g - a scroll of identify {unknown}
 h - a scroll of enchant weapon {unknown}
 j - a scroll of noise {unknown}
 n - 2 scrolls of magic mapping
 o - a scroll of blinking
 q - a scroll of fog {unknown}
Potions
 f - a potion of magic {unknown}
 i - a potion of heal wounds {unknown}
 p - a potion of ambrosia {unknown}
 s - a potion of degeneration {unknown}
 t - a potion of berserk rage {unknown}
Books
 k - a book of Minor Magic

   Spells                             Type                      Level
   a - Magic Dart                     Conjuration                  1
   b - Blink                          Translocation                2
   c - Call Imp                       Summoning                    2
   d - Slow                           Hexes                        2
   e - Conjure Flame                  Conjuration/Fire             3
   f - Mephitic Cloud                 Conjuration/Poison/Air       3
   Trog disapproves of the use of such an item.
Comestibles
 c - 4 bread rations
 d - a chunk of flesh
 l - a royal jelly


   Skills:
 + Level 4.3 Fighting
 + Level 4.3 Maces & Flails
 + Level 2.9 Armour
 + Level 3.3 Dodging


You had 3 spell levels left.
You didn't know any spells.

Dungeon Overview and Level Annotations

Branches:
Dungeon (3/15)

Altars:
Nemelex Xobeh
Ru

Annotations:
D:3 qqqbard's ghost, amateur MiBe


Innate Abilities, Weirdness & Mutations

You reflexively headbutt those who attack you in melee.
You have a pair of horns on your head.


Message History

Qqqbard's ghost barely misses you.
You barely miss qqqbard's ghost.
Qqqbard's ghost is moderately damaged.
You thump qqqbard's ghost!
Qqqbard's ghost is heavily damaged.
Qqqbard's ghost hits you.
* * * LOW HITPOINT WARNING * * *
You closely miss qqqbard's ghost.
Qqqbard's ghost is heavily damaged.
Qqqbard's ghost closely misses you.
You closely miss qqqbard's ghost. Your headbutt misses qqqbard's ghost.
Qqqbard's ghost is heavily damaged.
You bludgeon qqqbard's ghost!!
Qqqbard's ghost is almost destroyed.
Qqqbard's ghost hits you.
* * * LOW HITPOINT WARNING * * *
You barely miss qqqbard's ghost. You headbutt qqqbard's ghost.
Qqqbard's ghost is almost destroyed.
Qqqbard's ghost hits you!
You die...

##...## #.....#
.....# #....#
#....+ #....#
#...W#+##
##...@...#
#.......!#
#........#####..
#.....(.........
#....#....(.....
##..............
#..............
#........#####.
#...........#


You could see qqqbard's ghost.

Vanquished Creatures
  3 adders (D:2)
  A worm (D:2)
  2 dart slugs
  A leopard gecko (D:1)
  2 giant cockroaches
  5 goblins
  7 hobgoblins
  2 bats
  4 frilled lizards
  5 kobolds
  8 rats
40 creatures vanquished.

Notes
Turn   | Place    | Note
-------+----------+-------------------------------------------
     0 | D:1      | qqqbard the Minotaur Berserker began the quest for the Orb.
     0 | D:1      | Reached XP level 1. HP: 19/19 MP: 0/0
   154 | D:1      | Reached XP level 2. HP: 24/27 MP: 1/1
   479 | D:2      | Found a sparkling altar of Nemelex Xobeh.
   517 | D:2      | Reached ** piety under Trog
   518 | D:2      | Reached XP level 3. HP: 33/33 MP: 2/2
   571 | D:2      | Found a sacrificial altar of Ru.
   724 | D:2      | Reached XP level 4. HP: 41/41 MP: 3/3
   923 | D:3      | Noticed qqqbard's ghost (amateur MiBe)
   937 | D:3      | Slain by qqqbard's ghost

Vault maps used:
D:1:      nicolae_arrival_memento_mori
D:2:      overflow_temple_1_default, nicolae_ru_awakened_eye
D:3:      lemuel_crystal_altar, chequers_ecumenical_altar_lobes, corner_web_ring

Skill      XL: |  1  2  3 |
---------------+----------+-----
Dodging        | 3 |  3.3
Fighting       | 4 |  4.3
Maces & Flails | 4 |  4.3
Armour         | |  2.9

Action                   |  1- 3 |  4- 6 || total
-------------------------+-------+-------++-------
Melee: Mace              |    74 |    20 ||    94
       Headbutt          |     6 |     1 ||     7
Invok: Berserk           |       |     1 ||     1
       Trog's Hand       |       |     1 ||     1
  Use: Scroll            |     3 |       ||     3
Armor: Scale mail        |    25 |     4 ||    29
Dodge: Dodged            |    44 |     7 ||    51
